 Dungeon Crawl Stone Soup version 0.27-a0-633-gc6addc0a40 (webtiles) character file.

Game seed: 16982554889238111033

14 Grognak the Chopper (level 2, 0/27 HPs)
             Began as a Minotaur Chaos Knight on Mar 13, 2021.
             Was a Plaything of Xom.
             Slain by a gnoll
             ... wielding a +4 whip
              (8 damage)
             ... on level 2 of the Dungeon.
             The game lasted 00:01:15 (772 turns).

Grognak the Chopper (Minotaur Chaos Knight)          Turns: 772, Time: 00:01:16

Health: 0/27       AC:  5    Str: 16    XL:     2   Next: 31%
Magic:  1/1        EV: 11    Int:  9    God:    Xom [*.....]
Gold:   62         SH:  0    Dex:  9    Spells: 1/1 levels left

rFire    . . .     SeeInvis .   a - +0 hand axe (chaos)
rCold    . . .     Faith    .   (no shield)
rNeg     . . .     Spirit   .   b - +2 leather armour
rPois    .         Reflect  .   (helmet restricted)
rElec    .         Harm     .   (no cloak)
rCorr    .         Rampage  .   (no gloves)
Will     .....                  (no boots)
Stlth    +.........             (no amulet)
HPRegen  0.09/turn              (no ring)
MPRegen  0.07/turn              (no ring)

@: flying
A: horns 2, retaliatory headbutt
a: Renounce Religion


You were on level 2 of the Dungeon.
You worshipped Xom.
You were a special plaything of Xom.
You visited 1 branch of the dungeon, and saw 2 of its levels.

You collected 62 gold pieces.

Inventory:

Hand Weapons
 a - a +0 hand axe of chaos (weapon)
Armour
 b - a +2 leather armour (worn)
Jewellery
 h - a ring of resist corrosion
Scrolls
 c - 2 scrolls of blinking {unknown}
 e - 2 scrolls of identify {unknown}
 f - a scroll of enchant armour {unknown}
 g - a scroll of immolation {unknown}
 i - a scroll of teleportation {unknown}


   Skills:
 * Level 4.0 Fighting
 * Level 4.0 Axes
 * Level 2.6 Armour
 * Level 1.2 Dodging


You had one spell level left.
You didn't know any spells.
Your spell library was empty.

Dungeon Overview and Level Annotations

Branches:
Dungeon (2/15)

Altars:


Innate Abilities, Weirdness & Mutations

You have a pair of horns on your head.
You reflexively headbutt those who attack you in melee.


Message History

There is a stone staircase leading up here.
The goblin wields a +0 hunting sling.
The goblin shoots a stone.
The stone barely misses you.
You climb upwards.
There is a stone staircase leading down here.
There is a stone staircase leading down here.
You climb downwards.
There is a stone staircase leading up here.
No target in view!
No target in view!
e - 2 scrolls labelled WIORGH WEPTI (gained 1)
i - a scroll labelled ZIDAWK KI JAHU A gnoll comes into view.
It is wielding a +0 spear.
The gnoll shouts! x2; You hear a shout! x2
A gnoll comes into view. It is wielding a +0 rapier.
You hear a shout! x3
Found a +0 club. 2 gnolls come into view.
The gnoll shouts! x3
The gnoll hits you from afar with a +0 spear!
The gnoll hits you with a +0 spear.
You are too injured to fight recklessly!
You are too injured to fight recklessly!
You are too injured to fight recklessly!
Unknown command.
The gnoll closely misses you.
The gnoll hits you from afar with a +0 spear.
* * * LOW HITPOINT WARNING * * *
The gnoll hits you but does no damage.
You are too injured to fight recklessly!
You are too injured to fight recklessly!
You are too injured to fight recklessly!
You are too injured to fight recklessly!
You are too injured to fight recklessly!
It was a potion of flight.
You feel very buoyant.
You fly up into the air.
The gnoll hits you but does no damage.
You closely miss the gnoll. The gnoll hits you with a +4 whip!
You die...
Xom chortles!

##..#.#........
####..............
#.................
#.......gg.........## ###
#gg#####......## #.#
#.gg..#........## ######.#
##g##.w.........#
#.#....#### #g# #..........#
#.........# #@# #..........#
#.........# #.# #..........#
#.........###.###....<.....#
#.........................##
#############.###.#.#......#
#.................#
#........#.#......#
#.................#
#.................#


You could see 8 gnolls.

Vanquished Creatures
  An ooze (D:1)
  A hobgoblin (D:1)
  2 goblins (D:1)
  4 kobolds (D:1)
  3 rats (D:1)
11 creatures vanquished.

Notes
Turn   | Place    | Note
-------+----------+-------------------------------------------
     0 | D:1      | Grognak the Minotaur Chaos Knight began the quest for the
                  | Orb.
     0 | D:1      | Reached XP level 1. HP: 19/19 MP: 0/0
   191 | D:1      | XOM: divination: detect items
   228 | D:1      | Reached XP level 2. HP: 25/27 MP: 1/1
   772 | D:2      | Slain by a gnoll

Illustrated notes

Levels and vault maps discovered:
D:1:      minmay_arrival_five_plusses, layout_loops_cross
D:2:      minmay_chambers_of_twos, layout_rooms,
          gammafunk_temple_overflow_arena, serial_glass, glass_columns_b,
          glass_columns_a, glass_columns_b, glass_columns_b, glass_columns_c,
          glass_columns_a

Skill      XL: |  1  2 |
---------------+-------+-----
Axes           | 4 |  4.0
Fighting       | 4 |  4.0
Armour         | |  2.6
Dodging        | |  1.2

Action                   || total
-------------------------++-------
Melee: Hand axe          ||    27
       Headbutt          ||     4
  Use: Potion            ||     1
Armor: Leather armour    ||     9
Dodge: Dodged            ||    13

Table legend: (Time is in decaauts)
 A = Elapsed time spent in this place.
 B = Non-inter-level travel time spent in this place.
 C = Inter-level travel time spent in this place.
 D = Time resting spent in this place.
 E = Time spent auto-exploring this place.
 F = Levels seen in this place.
 G = Mean time per level.
                   A        B        C        D        E       F      G
               +--------+--------+--------+--------+--------+-----+--------+
         Total |    775 |    775 |      0 |      0 |    625 |   2 |  387.5 |
       Dungeon |    775 |    775 |      0 |      0 |    625 |   2 |  387.5 |
               +--------+--------+--------+--------+--------+-----+--------+

Top non-repeatable levels by time:
     D:1: 712 daAuts
     D:2: 63 daAuts
